 Dungeon Crawl Stone Soup version 0.29.1-2-gbd0b4ee654 (webtiles) character file.

Game seed: 9684187272824919596

116 hawla the Firebug (level 5, -2/39 HPs)
             Began as a Meteoran Fire Elementalist on Oct 24, 2022.
             Slain by an iguana (12 damage)
             ... on level 3 of the Dungeon.
             The game lasted 00:04:30 (1118 turns).

hawla the Firebug (Meteoran Fire Elementalist)      Turns: 1118, Time: 00:04:31

Health: -2/39      AC:  4    Str: 10      XL:     5   Next: 46%
Magic:  3/10       EV: 12    Int: 13 (14) God:
Gold:   76         SH:  0    Dex: 13 (14) Spells: 1/10 levels left

rFire   . . .      SeeInvis .   i - +10 trident of Rotation {venom, rElec rCorr Int-4}
rCold   . . .      Faith    .   (no shield)
rNeg    . . .      Spirit   .   a - +1 robe
rPois   .          Reflect  .   l - +0 helmet
rElec   +          Harm     .   (no cloak)
rCorr   +          Rampage  .   (no gloves)
Will    .....                   (no boots)
Stlth   +.........              (no amulet)
HPRegen 0.13/turn               (no ring)
MPRegen 0.12/turn               (no ring)

@: mighty, glowing
A: sense surroundings 1, otherworldly, glowing, explore regen
a: no special abilities


You were on level 3 of the Dungeon.
You visited 1 branch of the dungeon, and saw 3 of its levels.

You collected 76 gold pieces.

Inventory:

Hand Weapons
 i - the +10 trident of Rotation (weapon) {venom, rElec rCorr Int-4}
   (You found it on level 2 of the Dungeon)

   It poisons the flesh of those it strikes.
   Int:       It affects your intelligence (-4).
   rElec:     It insulates you from electricity.
   rCorr:     It protects you from acid and corrosion.
Armour
 a - a +1 robe (worn)
 l - a +0 helmet (worn)
Wands
 d - a wand of flame (22)
Scrolls
 b - 3 scrolls of identify
 j - a scroll of blinking {unknown}
 k - a scroll of immolation {unknown}
 m - a scroll of butterflies {unknown}


   Skills:
 - Level 0.5 Fighting
 - Level 2.6 Dodging
 - Level 1.4 Stealth
 - Level 3.1 Spellcasting
 + Level 2.6 Conjurations
 + Level 5.7 Fire Magic


You had one spell level left.
You knew the following spells:

 Your Spells              Type           Power      Damage    Failure   Level
a - Foxfire               Conj/Fire      48%        2x1d6     4%          1
b - Scorch                Fire           34%        2d6       3%          2
c - Searing Ray           Conj           16%        2d5       12%         2
d - Flame Wave            Conj/Fire      12%        2d6       38%         4

Your spell library contained the following spells:

 Spells                   Type           Power      Damage    Failure   Level
 Magic Dart               Conj           32%        1d4       8%          1
 Conjure Flame            Conj/Fire      12%        6-21      12%         3
 Inner Flame              Hex/Fire       9%         N/A       21%         3
 Fulminant Prism          Conj/Hex       2%         3d6       78%         4


Dungeon Overview and Level Annotations

Branches:
Dungeon (3/15) Zot: 676

Altars:


Innate Abilities, Weirdness & Mutations

You passively map a small area around you.
You are easily found by Zot.
You glow in the dark.
You regain HP and MP as you explore.


Message History

The orc wizard hits you with a +0 dagger.
* * * LOW HITPOINT WARNING * * *
You puncture the orc!
You kill the orc!
The orc wizard completely misses you.
You puncture the orc wizard!
You kill the orc wizard!
You feel your strength returning.
Autopickup disabled for 2 items.
You drop a potion of attraction.
You drop a potion of degeneration.
Your hearing returns.
Magic restored.
You see here a +0 dagger of freezing.
An iguana comes into view.
The iguana hisses angrily.
The iguana moves out of view.
An iguana is nearby!
An iguana is nearby!
Casting: Flame Wave (extremely dangerous; 38% risk of failure)
Confirm with . or Enter, or press ? or * to list all spells.
You conjure some foxfire!
The foxfire hits the iguana but does no damage.
The foxfire hits the iguana.
The iguana is lightly wounded.
Casting: Foxfire (safe; 4% risk of failure)
Confirm with . or Enter, or press ? or * to list all spells.
Flames lash the iguana.
The iguana is moderately wounded.
The iguana's fire resistance burns away.
Casting: Scorch (safe; 3% risk of failure)
Confirm with . or Enter, or press ? or * to list all spells.
Flames lash the iguana.
The iguana is heavily wounded.
The iguana closely misses you.
Casting: Scorch (safe; 3% risk of failure)
Confirm with . or Enter, or press ? or * to list all spells.
Flames lash the iguana.
The iguana is burned terribly!
The iguana is almost dead.
The iguana bites you!
You die...

, ,, #.#*##.....<.......
,,, *#..##..#.#.........
#....#............ ,.
##..............# * #.#
###.......##.#....#
#...###......#..##.#.#..#
.............#..##.......
,......).$.#..#..##...###.
........@l.†.......#†###.
#####.....##.............
#.###.##.........#### *
...*#..##.####<...####
..... #.###.# ##.....##
.... *#)#...# ###.#.#
,...# #.#.### #..... ,
#...# ###.#. , *###.###
...


You could see an iguana (combustible).

Vanquished Creatures
  An iguana (D:3)
  An orc wizard (D:3)
  3 adders (D:2)
  A worm (D:2)
  2 orcs (D:3)
  2 endoplasms (D:2)
  A giant cockroach (D:2)
  6 goblins
  3 hobgoblins
  A quokka (D:2)
  3 ball pythons (D:3)
  4 bats
  3 frilled lizards
  3 kobolds
  A rat (D:2)
35 creatures vanquished.

Vanquished Creatures (others)
  47 foxfires
47 creatures vanquished.

Grand Total: 82 creatures vanquished

Notes
Turn   | Place    | Note
-------+----------+-------------------------------------------
     0 | D:1      | hawla the Meteoran Fire Elementalist began the quest for
                  | the Orb.
     0 | D:1      | Reached XP level 1. HP: 14/14 MP: 5/5
   157 | D:1      | Found a faded altar of an unknown god.
   222 | D:1      | Reached XP level 2. HP: 20/22 MP: 3/6
   224 | D:1      | Reached skill level 4 in Fire Magic
   227 | D:1      | Learned a level 2 spell: Scorch
   500 | D:1      | Glimpsed the power of Zot.
   689 | D:2      | Learned a level 2 spell: Searing Ray
   691 | D:2      | Reached XP level 3. HP: 27/27 MP: 2/8
   738 | D:2      | Identified the +10 trident of Rotation {venom, rElec rCorr
                  | Int-4}
   794 | D:2      | Reached XP level 4. HP: 31/34 MP: 4/9
   799 | D:2      | Learned a level 4 spell: Flame Wave
   875 | D:2      | Reached skill level 5 in Fire Magic
  1044 | D:3      | Reached XP level 5. HP: 33/39 MP: 10/10
  1118 | D:3      | Slain by an iguana

Illustrated notes

Levels and vault maps discovered:
D:1:      evilmike_arrival_rings, layout_loops_ring,
          hellmonk_ecumenical_altar_run_dry, minivault_5
D:2:      layout_rooms
D:3:      layout_rooms, minmay_misc_feat_five

Skill      XL: |  1  2  3  4 |
---------------+-------------+-----
Fire Magic     | 4 5 |  5.7
Spellcasting   | 3 |  3.1
Conjurations   | 2 |  2.6
Fighting       | |  0.5
Dodging        | |  2.6
Stealth        | |  1.4

Action                   |  1- 3 |  4- 6 || total
-------------------------+-------+-------++-------
Melee: Unarmed           |     4 |       ||     4
       Trident           |       |    17 ||    17
 Cast: Foxfire           |    23 |     6 ||    29
       Scorch            |     3 |     5 ||     8
       Searing Ray       |     3 |       ||     3
  Use: Scroll            |     3 |     2 ||     5
       Potion            |     1 |     4 ||     5
Armor: Robe              |     3 |     9 ||    12
Dodge: Dodged            |     5 |    18 ||    23
